XFBL
TEXAS RANGERS @ MINNESOTA TWINS
06/20/1982
 
TOP OF THE 1ST
Texas Rangers batting - Pitching for Minnesota Twins : RHP Bill Gullickson
Pitching: RHP Bill Gullickson
Batting: LHB Lenny Dykstra 0-0: Called Strike
0-1: Ball
1-1: Ball
2-1: SINGLE (Line Drive, 34D, EV 100.0 MPH)
Batting: RHB Kirby Puckett 0-0: Called Strike
0-1: DOUBLE (Groundball, 3L, EV 95.6 MPH)
Lenny Dykstra to third
Runner from 3rd tries for Home, SAFE, throw by RF to home
Batting: RHB Steve Balboni 0-0: Ball
1-0: Foul Ball, location: 2F
1-1: Foul Ball, location: 2F
1-2: Strikes out swinging
Batting: RHB Steve Garvey 0-0: Fly out, F9 (Flyball, 9D, EV 83.1 MPH)
Runner from 2nd tags up, SAFE at 3rd, no throw by RF
Batting: LHB Jody Helser 0-0: Called Strike
0-1: Ball
1-1: Ball
2-1: Fly out, F9 (Flyball, 9S, EV 88.1 MPH)
Top of the 1st over - 1 run, 2 hits, 0 errors, 1 left on base; Texas 1 - Minnesota 0
BOTTOM OF THE 1ST
Minnesota Twins batting - Pitching for Texas Rangers : RHP Pascual Perez
Pitching: RHP Pascual Perez
Batting: RHB Lee Lacy 0-0: Foul Ball, location: 2F
0-1: Called Strike
0-2: SINGLE (Line Drive, 56D, EV 98.1 MPH)
Batting: RHB Steve Brye 0-0: Ball
1-0: Fielders Choice at 2nd, 6-4 (Groundball, 6S, EV 86.3 MPH)
Batting: RHB Matt Cooper 0-0: Called Strike
0-1: Ball
1-1: Ball
2-1: Ball
3-1: DOUBLE (Flyball, 89D, EV 105.6 MPH)
Steve Brye to third
Runner from 3rd tries for Home, SAFE, no throw by CF
Batting: RHB Randy Edwards 0-0: Ball
1-0: Called Strike
1-1: Fly out, F8 (Flyball, 8RD, EV 103.8 MPH)
Batting: RHB Larry Hisle 0-0: Ball
1-0: SINGLE (Line Drive, 5D, EV 93.8 MPH)
Matt Cooper to third
Runner from 3rd tries for Home, SAFE, throw by LF to home
Batting: RHB George Foster 0-0: Ball
1-0: Swinging Strike
1-1: Foul Ball, location: 2F
1-2: Strikes out swinging
Bottom of the 1st over - 2 runs, 3 hits, 0 errors, 1 left on base; Texas 1 - Minnesota 2
TOP OF THE 2ND
Texas Rangers batting - Pitching for Minnesota Twins : RHP Bill Gullickson
Batting: LHB Richie Hebner 0-0: DOUBLE (Groundball, 5L, EV 100.0 MPH)
Batting: LHB Ernie Whitt 0-0: Called Strike
0-1: Ball
1-1: Called Strike
1-2: Strikes out swinging
Batting: RHB Kim Andrew 0-0: Ball
1-0: Ball
2-0: Ball
3-0: Called Strike
3-1: Foul Ball, location: 2F
3-2: Ground out 6-3 (Groundball, 6, EV 104.4 MPH)
Batting: RHB Juan Samuel 0-0: Called Strike
0-1: Ball
1-1: Called Strike
1-2: Strikes out swinging
Top of the 2nd over - 0 runs, 1 hit, 0 errors, 1 left on base; Texas 1 - Minnesota 2
BOTTOM OF THE 2ND
Minnesota Twins batting - Pitching for Texas Rangers : RHP Pascual Perez
Batting: RHB Chet Lemon 0-0: Foul Ball, location: 2F
0-1: Ball
1-1: Fly out, F9 (Flyball, 9S, EV 89.4 MPH)
Batting: RHB Brook Jacoby 0-0: Called Strike
0-1: Fly out, F4 (Line Drive, 4, EV 75.6 MPH)
Batting: LHB Ken Oberkfell 0-0: Fly out, F4 (Line Drive, 4, EV 78.1 MPH)
Bottom of the 2nd over - 0 runs, 0 hits, 0 errors, 0 left on base; Texas 1 - Minnesota 2
TOP OF THE 3RD
Texas Rangers batting - Pitching for Minnesota Twins : RHP Bill Gullickson
Batting: LHB Lenny Dykstra 0-0: Ball
1-0: Called Strike
1-1: Ground out 6-3 (Groundball, 6, EV 87.5 MPH)
Batting: RHB Kirby Puckett 0-0: Fly out, F8 (Flyball, 8LM, EV 73.1 MPH)
Batting: RHB Steve Balboni 0-0: Called Strike
0-1: Fly out, F8 (Line Drive, 8LD, EV 101.9 MPH)
Top of the 3rd over - 0 runs, 0 hits, 0 errors, 0 left on base; Texas 1 - Minnesota 2
BOTTOM OF THE 3RD
Minnesota Twins batting - Pitching for Texas Rangers : RHP Pascual Perez
Batting: RHB Lee Lacy 0-0: Ball
1-0: Ball
2-0: Called Strike
2-1: Ball
3-1: Called Strike
3-2: Fly out, F8 (Flyball, 78D, EV 96.9 MPH)
Batting: RHB Steve Brye 0-0: Ball
1-0: Ball
2-0: Swinging Strike
2-1: Foul Ball, location: 2F
2-2: Fly out, F1 (Line Drive, P, EV 66.3 MPH)
Batting: RHB Matt Cooper 0-0: Ball
1-0: Called Strike
1-1: Called Strike
1-2: Ball
2-2: Foul Ball, location: 2F
2-2: Foul Ball, location: 2F
2-2: Ground out 4-3 (Groundball, 13, EV 84.4 MPH)
Bottom of the 3rd over - 0 runs, 0 hits, 0 errors, 0 left on base; Texas 1 - Minnesota 2
TOP OF THE 4TH
Texas Rangers batting - Pitching for Minnesota Twins : RHP Bill Gullickson
Batting: RHB Steve Garvey 0-0: Ball
1-0: Ground out 6-3 (Groundball, 6, EV 109.4 MPH)
Batting: LHB Jody Helser 0-0: Ball
1-0: Called Strike
1-1: Ground out 6-3 (Groundball, 56, EV 91.3 MPH)
Batting: LHB Richie Hebner 0-0: Called Strike
0-1: SINGLE (Line Drive, 9S, EV 95.0 MPH)
Batting: LHB Ernie Whitt 0-0: Ball
1-0: Ball
2-0: Ball
3-0: Called Strike
3-1: Base on Balls
Richie Hebner to second
Batting: RHB Kim Andrew 0-0: Called Strike
0-1: Ball
1-1: Fielders Choice at 2nd, 6-4 (Groundball, 6D, EV 83.8 MPH)
Top of the 4th over - 0 runs, 1 hit, 0 errors, 2 left on base; Texas 1 - Minnesota 2
BOTTOM OF THE 4TH
Minnesota Twins batting - Pitching for Texas Rangers : RHP Pascual Perez
Batting: RHB Randy Edwards 0-0: Called Strike
0-1: Ball
1-1: Ball
2-1: Ball
3-1: Base on Balls
Batting: RHB Larry Hisle 0-0: Called Strike
0-1: Ball
1-1: Ball
2-1: Foul Ball, location: 2F
2-2: Strikes out looking
Batting: RHB George Foster 0-0: Ball
1-0: Grounds into double play, 6-4-3 (Groundball, 6, EV 96.3 MPH)
Bottom of the 4th over - 0 runs, 0 hits, 0 errors, 0 left on base; Texas 1 - Minnesota 2
TOP OF THE 5TH
Texas Rangers batting - Pitching for Minnesota Twins : RHP Bill Gullickson
Batting: RHB Juan Samuel 0-0: Ball
1-0: DOUBLE (Line Drive, 78XD, EV 97.5 MPH)
Batting: LHB Lenny Dykstra 0-0: Called Strike
0-1: Ball
1-1: Ball
2-1: Ball
3-1: Called Strike
3-2: Ground out 5-3 (Groundball, 56, EV 83.8 MPH)
Batting: RHB Kirby Puckett 0-0: Called Strike
Juan Samuel steals 3rd base
0-1: Foul Ball, location: 2F
0-2: Ball
1-2: Ball
2-2: Strikes out swinging
Batting: RHB Steve Balboni 0-0: Foul Ball, location: 2F
0-1: Ball
1-1: Ball
2-1: Foul Ball, location: 2F
2-2: Strikes out swinging
Top of the 5th over - 0 runs, 1 hit, 0 errors, 1 left on base; Texas 1 - Minnesota 2
BOTTOM OF THE 5TH
Minnesota Twins batting - Pitching for Texas Rangers : RHP Pascual Perez
Batting: RHB Chet Lemon 0-0: Ball
1-0: Ball
2-0: Ball
3-0: Called Strike
3-1: Foul Ball, location: 2F
3-2: Base on Balls
Batting: RHB Brook Jacoby 0-0: Ball
1-0: Ball
2-0: Foul Ball, location: 2F
2-1: Called Strike
2-2: Fielders Choice at 2nd, 5-4 (Groundball, 56S, EV 88.1 MPH)
Batting: LHB Ken Oberkfell 0-0: Ground out 6-3 (Groundball, 56, EV 97.5 MPH)
Brook Jacoby to second
Batting: RHB Lee Lacy 0-0: Ball
1-0: Foul Ball, location: 2F
1-1: Foul Ball, location: 2F
1-2: Foul Ball, location: 2F
1-2: Ball
2-2: Ball
Wild Pitch!
Brook Jacoby to third
3-2: Foul Ball, location: 2F
3-2: Foul Ball, location: 2F
3-2: SINGLE (Flyball, 7S, EV 91.3 MPH)
Brook Jacoby scores
Batting: RHB Steve Brye 0-0: Swinging Strike
0-1: Foul Ball, location: 2F
0-2: Ball
1-2: Ball
2-2: Ball
3-2: Fly out, F8 (Line Drive, 8RD, EV 88.1 MPH)
Bottom of the 5th over - 1 run, 1 hit, 0 errors, 1 left on base; Texas 1 - Minnesota 3
TOP OF THE 6TH
Texas Rangers batting - Pitching for Minnesota Twins : RHP Bill Gullickson
Batting: RHB Steve Garvey 0-0: Fly out, F9 (Line Drive, 9, EV 94.4 MPH)
Batting: LHB Jody Helser 0-0: Swinging Strike
0-1: SINGLE (Groundball, 56D, EV 96.9 MPH)
Batting: LHB Richie Hebner 0-0: Called Strike
0-1: Called Strike
0-2: DOUBLE (Line Drive, 9LM, EV 107.5 MPH)
Jody Helser to third
Runner from 3rd tries for Home, SAFE, no throw by RF
Batting: LHB Ernie Whitt 0-0: Called Strike
0-1: Foul Ball, location: 2F
0-2: Strikes out swinging
Batting: RHB Kim Andrew 0-0: Ball
Wild Pitch!
Richie Hebner to third
1-0: Fly out, F3 (Popup, 34, EV 73.8 MPH)
Top of the 6th over - 1 run, 2 hits, 0 errors, 1 left on base; Texas 2 - Minnesota 3
BOTTOM OF THE 6TH
Minnesota Twins batting - Pitching for Texas Rangers : RHP Pascual Perez
Batting: RHB Matt Cooper 0-0: Ball
1-0: Fly out, F9 (Flyball, 89D, EV 87.5 MPH)
Batting: RHB Randy Edwards 0-0: Ground out 5-3 (Groundball, 5, EV 91.9 MPH)
Batting: RHB Larry Hisle 0-0: Ball
1-0: Ball
2-0: Ball
3-0: Base on Balls
Batting: RHB George Foster 0-0: Fly out, F3 (Popup, 23F, EV 81.9 MPH)
Bottom of the 6th over - 0 runs, 0 hits, 0 errors, 1 left on base; Texas 2 - Minnesota 3
TOP OF THE 7TH
Texas Rangers batting - Pitching for Minnesota Twins : RHP Bill Gullickson
Batting: RHB Juan Samuel 0-0: Swinging Strike
0-1: Foul Ball, location: 2F
0-2: Ball
1-2: Ball
2-2: Ball
3-2: Ground out 5-3 (Groundball, 56, EV 93.8 MPH)
Batting: LHB Lenny Dykstra 0-0: Ball
1-0: Ball
2-0: Called Strike
2-1: Ball
3-1: Swinging Strike
3-2: Ground out U3 (Groundball, 3L, EV 88.8 MPH)
Batting: RHB Kirby Puckett 0-0: Ball
1-0: Foul Ball, location: 2F
1-1: SOLO HOME RUN (Flyball, 9D, EV 100.6 MPH), Distance : 381 ft
Batting: RHB Steve Balboni 0-0: Ball
1-0: Called Strike
1-1: Ball
2-1: Ball
3-1: DOUBLE (Flyball, 8LXD, EV 95.0 MPH)
Pitching: LHP Tom Hall
Batting: RHB Steve Garvey 0-0: Fly out, F8 (Flyball, 8RXD, EV 95.0 MPH)
Top of the 7th over - 1 run, 2 hits, 0 errors, 1 left on base; Texas 3 - Minnesota 3
BOTTOM OF THE 7TH
Minnesota Twins batting - Pitching for Texas Rangers : RHP Pascual Perez
Batting: RHB Chet Lemon 0-0: Ball
1-0: Fly out, F7 (Flyball, 7LM, EV 90.6 MPH)
Batting: RHB Brook Jacoby 0-0: Fly out, F3 (Popup, 3, EV 62.5 MPH)
Batting: LHB Ken Oberkfell 0-0: Ball
1-0: Called Strike
1-1: Ball
2-1: Ground out 5-3 (Groundball, 56, EV 109.4 MPH)
Bottom of the 7th over - 0 runs, 0 hits, 0 errors, 0 left on base; Texas 3 - Minnesota 3
TOP OF THE 8TH
Texas Rangers batting - Pitching for Minnesota Twins : LHP Tom Hall
Pitching: RHP Stephen Fuller
Batting: LHB Jody Helser 0-0: Ball
1-0: Ball
2-0: Fly out, F9 (Flyball, 9S, EV 90.6 MPH)
Batting: LHB Richie Hebner 0-0: Foul Ball, location: 2F
0-1: Swinging Strike
0-2: Ball
1-2: Ball
2-2: Strikes out swinging
Batting: LHB Ernie Whitt 0-0: Ball
1-0: Ground out 5-3 (Groundball, 5, EV 110.6 MPH)
Top of the 8th over - 0 runs, 0 hits, 0 errors, 0 left on base; Texas 3 - Minnesota 3
BOTTOM OF THE 8TH
Minnesota Twins batting - Pitching for Texas Rangers : RHP Pascual Perez
Batting: RHB Lee Lacy 0-0: Swinging Strike
0-1: Fly out, F7 (Line Drive, 7, EV 98.8 MPH)
Batting: RHB Steve Brye 0-0: Foul Ball, location: 2F
0-1: Called Strike
0-2: Foul Ball, location: 2F
0-2: Ball
1-2: Foul Ball, location: 2F
1-2: Ball
2-2: Ground out 6-3 (Groundball, 6, EV 101.9 MPH)
Batting: RHB Matt Cooper 0-0: Ground out 6-3 (Groundball, 6S, EV 83.8 MPH)
Bottom of the 8th over - 0 runs, 0 hits, 0 errors, 0 left on base; Texas 3 - Minnesota 3
TOP OF THE 9TH
Texas Rangers batting - Pitching for Minnesota Twins : RHP Stephen Fuller
Pinch Hitting: RHB George Bjorkman 0-0: Swinging Strike
0-1: Ball
1-1: Called Strike
1-2: Strikes out looking
Batting: RHB Juan Samuel 0-0: Called Strike
0-1: Ball
1-1: Swinging Strike
1-2: Fly out, F4 (Line Drive, 4, EV 71.3 MPH)
Batting: LHB Lenny Dykstra 0-0: Foul Ball, location: 2F
0-1: Swinging Strike
0-2: Strikes out swinging
Top of the 9th over - 0 runs, 0 hits, 0 errors, 0 left on base; Texas 3 - Minnesota 3
BOTTOM OF THE 9TH
Minnesota Twins batting - Pitching for Texas Rangers : RHP Pascual Perez
Pitching: RHP Michael Heaton
Now at SS: Juan Rodriguez
Batting: RHB Randy Edwards 0-0: Ball
1-0: Fly out, F8 (Flyball, 8RD, EV 106.9 MPH)
Batting: RHB Larry Hisle 0-0: Ball
1-0: Called Strike
1-1: Ball
2-1: Ball
3-1: Base on Balls
Batting: RHB George Foster 0-0: Swinging Strike
0-1: Ball
1-1: Ball
2-1: Fly out, F8 (Flyball, 8RD, EV 108.8 MPH)
Batting: RHB Chet Lemon 0-0: Ball
1-0: Ball
2-0: Ball
3-0: Foul Ball, location: 2F
3-1: Foul Ball, location: 2F
3-2: Base on Balls
Larry Hisle to second
Batting: RHB Brook Jacoby 0-0: Swinging Strike
0-1: Ball
1-1: Ground out 4-3 (Groundball, 4, EV 88.8 MPH)
Bottom of the 9th over - 0 runs, 0 hits, 0 errors, 2 left on base; Texas 3 - Minnesota 3
TOP OF THE 10TH
Texas Rangers batting - Pitching for Minnesota Twins : RHP Stephen Fuller
Batting: RHB Kirby Puckett 0-0: Swinging Strike
0-1: Ball
1-1: Called Strike
1-2: Ball
2-2: Ball
3-2: Strikes out swinging
Batting: RHB Steve Balboni 0-0: Called Strike
0-1: Called Strike
0-2: Strikes out swinging
Batting: RHB Steve Garvey 0-0: Called Strike
0-1: Called Strike
0-2: Ball
1-2: Strikes out swinging
Top of the 10th over - 0 runs, 0 hits, 0 errors, 0 left on base; Texas 3 - Minnesota 3
BOTTOM OF THE 10TH
Minnesota Twins batting - Pitching for Texas Rangers : RHP Michael Heaton
Pinch Hitting: SHB Jerry Mumphrey 0-0: Ball
1-0: Called Strike
1-1: Foul Ball, location: 2F
1-2: Ball
2-2: Ball
3-2: Fly out, F8 (Flyball, 78XD, EV 91.3 MPH)
Batting: RHB Lee Lacy 0-0: Foul Ball, location: 2F
0-1: Foul Ball, location: 2F
0-2: SINGLE (Groundball, 56S, EV 69.4 MPH) (infield hit)
Batting: RHB Steve Brye 0-0: Ball
Lee Lacy steals 2nd base
1-0: Intentional Walk
Batting: RHB Matt Cooper 0-0: Ball
1-0: Called Strike
1-1: Foul Ball, location: 2F
1-2: SINGLE (Flyball, 56D, EV 87.5 MPH)
Lee Lacy to third
Steve Brye to second
Runner from 3rd tries for Home, SAFE, throw by LF to home
Bottom of the 10th over - 1 run, 2 hits, 0 errors, 0 left on base; Texas 3 - Minnesota 4
Monday, August 10th, 2020 - OOTP Baseball 21.5 Build 76